 Dungeon Crawl Stone Soup version 0.28-a0-691-gad6df49e81 (webtiles) character file.

Game seed: 8864430560200015738

72 bjtr the Conjurer (level 4, -2/30 HPs)
             Began as a Demonspawn Conjurer on Oct 20, 2021.
             Killed by nerve-wracking pain
             ... invoked by an orc priest
              (12 damage)
             ... on level 3 of the Dungeon on Oct 21, 2021.
             The game lasted 00:09:19 (2231 turns).

bjtr the Conjurer (Demonspawn Conjurer)             Turns: 2231, Time: 00:09:19

Health: -2/30      AC:  5    Str:  8    XL:     4   Next: 7%
Magic:  2/7        EV: 10    Int: 20    God:
Gold:   108        SH:  0    Dex: 11    Spells: 4/7 levels left

rFire   . . .      SeeInvis .   i - +2 quarterstaff (spect)
rCold   . . .      Faith    .   (shield currently unavailable)
rNeg    . . .      Spirit   .   u - +0 ring mail
rPois   .          Reflect  .   (no helmet)
rElec   .          Harm     .   (no cloak)
rCorr   .          Rampage  .   (no gloves)
Will    .....                   (no boots)
Stlth   +.........              (no amulet)
HPRegen 0.10/turn               (no ring)
MPRegen 0.10/turn               (no ring)

@: no status effects
A: claws 1, powered by death 1
a: no special abilities


You were on level 3 of the Dungeon.
You visited 1 branch of the dungeon, and saw 3 of its levels.

You collected 108 gold pieces.

Inventory:

Hand Weapons
 b - a +0 club
 d - a +0 short sword
 f - a +0 whip
 g - a +0 dagger
 h - a +0 morningstar
 i - a +2 spectral quarterstaff (weapon)
 k - a +0 short sword
 t - a +0 hand crossbow
Missiles
 c - 66 stones
 l - 3 boomerangs
Armour
 a - a +0 robe
 s - a +0 leather armour
 u - a +0 ring mail (worn)
Scrolls
 n - a scroll of enchant weapon {unknown}
 r - a scroll of fog {unknown}
Potions
 e - a potion of invisibility {unknown}
 j - a potion of flight {unknown}
 m - a potion of cancellation {unknown}
 o - a potion of degeneration {unknown}
 p - 2 potions of heal wounds {unknown}
 q - a potion of ambrosia {unknown}


   Skills:
 + Level 1.8 Dodging
 - Level 1.7 Stealth
 * Level 2.3 Spellcasting
 * Level 5.4 Conjurations


You had 4 spell levels left.
You knew the following spells:

 Your Spells              Type           Power      Damage    Failure   Level
a - Magic Dart            Conj           96%        1d7       4%          1
b - Searing Ray           Conj           48%        2d6       8%          2

Your spell library contained the following spells:

 Spells                   Type           Power      Damage    Failure   Level
 Dazzling Flash           Conj/Hex       26%        N/A       43%         3
 Fulminant Prism          Conj/Hex       6%         3d7       83%         4
 Iskenderun's Mystic Bla  Conj/Tloc      13%        2d5       83%         4


Dungeon Overview and Level Annotations

Branches:
Dungeon (3/15)

Altars:


Innate Abilities, Weirdness & Mutations

You have sharp fingernails.
You regenerate a little health from kills.


Message History

Press: ? - help, Shift-Dir - straight line, f - orc
Aim: an orc, wielding a +0 mace (78% to hit)
The searing ray hits the orc!
You kill the orc!
The searing ray hits the orc!
You kill the orc!
The searing ray hits the orc!
You kill the orc! (Press . to maintain the ray.)
You have reached level 4!
You feel stronger.
The searing ray hits the orc priest.
The orc priest is lightly wounded.
The searing ray misses the orc priest.
The orc priest invokes the aid of Beogh against you.
Pain shoots through your body!
The searing ray hits the orc priest but does no damage.
The orc priest is lightly wounded.
You finish channelling your searing ray.
Casting: Searing Ray (safe; 8% risk of failure)
Confirm with . or Enter, or press ? or * to list all spells.
You don't have enough magic to cast this spell.
The orc priest completely misses you.
Things that are here:
a +0 club; a +0 leather armour; an orc corpse You barely miss the orc priest.
The orc priest is lightly wounded.
The orc priest hits you but does no damage.
The orc priest hits you with a +0 flail.
You closely miss the orc priest.
The orc priest is lightly wounded.
The orc priest barely misses you.
You barely miss the orc priest.
The orc priest is lightly wounded.
The orc priest hits you with a +0 flail.
You hit the orc priest.
The orc priest is moderately wounded.
The orc priest invokes the aid of Beogh against you.
Pain shoots through your body!
You die...

###.#o #.....
###...o
#......
#..$..
#....#######
#....))o@..#
##....#####.#
.###.....# .#
.........##
.#
......)..<#
##
.........##
.#.#...[..
#.......##
####....#


You could see an orc priest.

Vanquished Creatures
  2 adders (D:2)
  3 dart slugs (D:1)
  3 orcs (D:3)
  4 endoplasms
  3 giant cockroaches
  3 goblins
  4 hobgoblins (D:1)
  5 kobolds
  4 quokkas
  4 ball pythons
  2 bats (D:1)
  3 frilled lizards
  5 rats
45 creatures vanquished.

Notes
Turn   | Place    | Note
-------+----------+-------------------------------------------
     0 | D:1      | bjtr the Demonspawn Conjurer began the quest for the Orb.
     0 | D:1      | Reached XP level 1. HP: 13/13 MP: 3/3
   121 | D:1      | Found a faded altar of an unknown god.
   360 | D:1      | Gained mutation: You have sharp fingernails. [demonic
                  | ancestry]
   360 | D:1      | Reached XP level 2. HP: 19/19 MP: 0/5
   363 | D:1      | Learned a level 2 spell: Searing Ray
  1231 | D:1      | Gained mutation: You regenerate a little health from kills.
                  | [demonic ancestry]
  1231 | D:1      | Reached XP level 3. HP: 24/24 MP: 6/6
  1651 | D:2      | Reached skill level 5 in Conjurations
  2200 | D:2      | Upgraded the game from 0.28-a0-687-gb91baff9cc to
                  | 0.28-a0-691-gad6df49e81
  2224 | D:3      | Reached XP level 4. HP: 21/30 MP: 4/7
  2231 | D:3      | Killed from afar by an orc priest

Illustrated notes

Levels and vault maps discovered:
D:1:      evilmike_arrival_hilbert_curve, layout_loops_ring,
          basic_ecumenical_altar, serial_co_window_serial, co_window_paths_a,
          co_window_paths_b, co_window_of_opportunity_a, co_window_corner_a,
          co_window_corner_a, co_window_unsneaky_path_a, co_window_cross_3,
          co_window_corner_ca, co_window_corner_b, co_window_broadway_b,
          glass_columns_b, glass_columns_a, glass_columns_a, glass_columns_b,
          glass_columns_c, minivault_25
D:2:      layout_basic, kennysheep_potato
D:3:      layout_basic, serial_shops,
          nicolae_shop_temple_entry_statues_fountains

Skill      XL: |  1  2  3 |
---------------+----------+-----
Conjurations   | 5 |  5.4
Dodging        | |  1.8
Stealth        | |  1.7
Spellcasting   | |  2.3

Action                   |  1- 3 |  4- 6 || total
-------------------------+-------+-------++-------
Melee: Quarterstaff      |    30 |     4 ||    34
       Club              |     2 |       ||     2
 Cast: Magic Dart        |    22 |       ||    22
       Searing Ray       |    14 |       ||    14
  Use: Scroll            |     1 |       ||     1
 Stab: Sleeping          |     3 |       ||     3
Armor: Robe              |     8 |       ||     8
       Ring mail         |       |     1 ||     1
Dodge: Dodged            |    15 |     2 ||    17

Table legend: (Time is in decaauts)
 A = Elapsed time spent in this place.
 B = Non-inter-level travel time spent in this place.
 C = Inter-level travel time spent in this place.
 D = Time resting spent in this place.
 E = Time spent auto-exploring this place.
 F = Levels seen in this place.
 G = Mean time per level.
                   A        B        C        D        E       F      G
               +--------+--------+--------+--------+--------+-----+--------+
         Total |   2239 |   2210 |     29 |    212 |   1612 |   3 |  746.3 |
       Dungeon |   2239 |   2210 |     29 |    212 |   1612 |   3 |  746.3 |
               +--------+--------+--------+--------+--------+-----+--------+

Top non-repeatable levels by time:
     D:1: 1652 daAuts
     D:2: 567 daAuts
     D:3: 19 daAuts
